AoeStats
← Godo Piquetero

Arabia

510081915Analyzed
1v1 RM · 3d ago on Sep 29, 2026· 63m 11s· 2 players
Game mode
Random Map
Map size
Tiny (2 player)
Population
200
Speed
Normal
Resources
Standard
Victory
Conquest
Starting age
Dark Age
Ending age
Imperial Age
RankedLock teamsTeams togetherTeam positionsShared explorationLock speedFull tech treeHidden civsTurbo modeCheats
Victory
Defeat
🇪🇸 Franks · Spain
969
+15
🇦🇷 Sicilians · Argentina
938
-15
Godo Piquetero
3:58 Loom
10:07 Feudal Age
17:44 Wheelbarrow
16:58 Double-Bit Axe
21:56 Castle Age
20:48 Forging
20:39 Scale Mail Armor
20:45 Scale Barding Armor
21:44 Gold Mining
21:52 Horse Collar
24:27 Hand Cart
26:00 Pikeman
26:41 Squires
28:12 Squires
34:48 Chain Mail Armor
35:51 Bloodlines
35:01 Light Cavalry
36:34 Stone Mining
36:49 Gambesons
36:50 Arson
40:35 Imperial Age
38:30 Padded Archer Armor
38:20 Fletching
39:31 Gold Shaft Mining
38:47 Crossbowman
38:47 Elite Skirmisher
39:50 Bodkin Arrow
40:10 Leather Archer Armor
41:13 Iron Casting
40:33 Town Watch
42:06 Heavy Plow
43:47 Blast Furnace
43:17 Plate Mail Armor
43:15 Town Patrol
43:38 Cranequins
45:06 Halberdier
49:23 Chain Barding Armor
50:33 Light Cavalry
51:13 Husbandry
54:14 Arson
55:56 Crop Rotation
55:45 Bracer
57:23 First Crusade
62:32 Plate Barding Armor
62:27 Cavalier
jdiaroj012
7:55 Loom
10:20 Feudal Age
17:54 Castle Age
16:48 Double-Bit Axe
20:19 Forging
24:09 Town Watch
25:03 Wheelbarrow
26:48 Gold Mining
27:10 Bow Saw
27:08 Scale Barding Armor
31:00 Hand Cart
30:47 Town Patrol
33:27 Light Cavalry
34:09 Husbandry
37:36 Imperial Age
36:10 Gold Shaft Mining
35:27 Stone Mining
36:44 Treadmill Crane
37:15 Masonry
38:47 Iron Casting
37:38 Cavalier
39:25 Chain Barding Armor
39:15 Paladin
41:03 Chemistry
41:40 Blast Furnace
41:17 Plate Barding Armor
42:04 Conscription
41:44 Chivalry
47:08 Elite Skirmisher
47:56 Fletching
48:07 Padded Archer Armor
49:32 Bodkin Arrow
49:52 Leather Archer Armor
59:12 Ballistics
59:23 Architecture
58:58 Siege Engineers
61:40 Scale Mail Armor
Connection lost

Rejoining the realm…

Still unreachable

The connection could not be restored.

Session expired

The server has moved on; the page needs a fresh start.